 Dungeon Crawl Stone Soup version 0.20-a0-991-g93344ec (webtiles) character file.

3114 Murumi the Unseen (level 9, -6/75 HPs)
             Began as a Naga Enchanter on Apr 11, 2017.
             Was a Priest of Cheibriados.
             Killed from afar by an orc (27 damage)
             ... with a wand of acid (?/15)
             ... on level 7 of the Dungeon.
             The game lasted 00:40:35 (9564 turns).

Murumi the Unseen (Naga Enchanter)                  Turns: 9564, Time: 00:40:35

Health: -6/75      AC:  6    Str: 19    XL:     9   Next: 91%
Magic:  12/22      EV: 10    Int: 24    God:    Cheibriados [***...]
Gold:   400        SH:  0    Dex: 22    Spells: 6/14 levels left

rFire    . . .     SeeInvis +   f - +2 dagger (pain)
rCold    . . .     Gourm    .   (no shield)
rNeg     . . .     Faith    .   y - +2 robe {MR+}
rPois    +         Spirit   .   (no helmet)
rElec    .         Reflect  .   n - +1 cloak
rCorr    .         Harm     .   g - +1 pair of gloves
MR       +++..                  (no barding)
Stlth    ++++++....             (no amulet)
Regen    0.3/turn               e - ring of protection from magic
MPRegen  0.2/turn               o - ring of magical power

@: corroded, heavily drained, very slow
A: see invisible, deformed body, poison resistance, slowness 2, slow metabolism
1, spit poison 1, AC +3
a: Spit Poison, Bend Time, Temporal Distortion, Renounce Religion


You were on level 7 of the Dungeon.
You worshipped Cheibriados.
Cheibriados was most pleased with you.
You were not hungry.

You visited 2 branches of the dungeon, and saw 8 of its levels.

You collected 400 gold pieces.

Inventory:

Hand Weapons
 f - a +2 dagger of pain (weapon)
Armour
 g - a +1 pair of gloves (worn)
 n - a +1 cloak (worn)
 y - a +2 robe of magic resistance (worn)
Jewellery
 e - a ring of protection from magic (left hand)
 o - a ring of magical power (right hand)
Wands
 h - a wand of confusion (28/48)
 k - a wand of lightning (1/15)
 q - a wand of polymorph (13/24)
 s - a wand of disintegration (8/24)
 w - a wand of confusion (19/48)
Scrolls
 i - 3 scrolls of fog
 p - 2 scrolls of remove curse
 r - 4 scrolls of teleportation
 t - a scroll of enchant armour
Potions
 m - 2 potions of lignification
 v - a potion of agility {unknown}
Books
 c - a book of Maledictions

   Spells                             Type                      Level
   a - Corona                         Hexes                        1
   b - Ensorcelled Hibernation        Hexes/Ice                    2
   c - Confuse                        Hexes                        3
   d - Tukima's Dance                 Hexes                        3
   e - Dazzling Spray                 Conjuration/Hexes            3
 u - a book of Minor Magic

   Spells                             Type                      Level
   a - Magic Dart                     Conjuration                  1
   b - Blink                          Translocation                2
   c - Call Imp                       Summoning                    2
   d - Slow                           Hexes                        2
   e - Conjure Flame                  Conjuration/Fire             3
   f - Mephitic Cloud                 Conjuration/Poison/Air       3
Comestibles
 a - 5 meat rations
 d - 6 bread rations
 j - 6 royal jellies
 l - 3 fruits


   Skills:
 - Level 3.0(1.7) Fighting
 - Level 4.2(2.9) Short Blades
 - Level 2.0(0.8) Dodging
 + Level 15.0(13.3) Stealth
 - Level 3.0(1.8) Spellcasting
 - Level 3.0(1.7) Hexes
 - Level 5.1(3.8) Invocations
 - Level 4.4(3.2) Evocations


You had 6 spell levels left.
You knew the following spells:

 Your Spells              Type           Power        Failure   Level  Hunger
a - Confuse               Hex            ##......     21%         3    ###....
b - Ensorcelled Hibernat  Hex/Ice        #.....       14%         2    ##.....
c - Tukima's Dance        Hex            ##......     21%         3    ###....


Dungeon Overview and Level Annotations

Branches:
Dungeon (7/15)             Temple (1/1) D:4

Altars:
Ashenzari
Cheibriados
Dithmenos
Elyvilon
Fedhas
Hepliaklqana
Kikubaaqudgha
Makhleb
Nemelex Xobeh
Okawaru
Qazlal
Ru
Sif Muna
Trog
Uskayaw
Vehumet
Wu Jian
Xom
Yredelemnul
Zin
The Shining One


Innate Abilities, Weirdness & Mutations

You cannot wear boots.
Your serpentine skin is tough. (AC +3)
You have supernaturally acute eyesight. (SInv)
Armour fits poorly on your strangely shaped body.
Your system is resistant to poisons. (rPois)
You cover ground very slowly.
You have a slow metabolism.
You can spit poison.


Message History

Press: ? - help, Shift-Dir - straight line, f/p - orc priest
Aim: an orc priest, wielding a whip of holy wrath (chance to defeat MR: 37%)
The orc priest easily resists.
The orc priest barely misses you.
Casting: Ensorcelled Hibernation
Confirm with . or Enter, or press ? or * to list all spells.
Aiming: Ensorcelled Hibernation
Press: ? - help, Shift-Dir - straight line, f/p - orc priest
Aim: an orc priest, wielding a whip of holy wrath (chance to defeat MR: 37%)
The orc priest looks drowsy...
The orc closely misses you.
The helpless orc priest fails to defend itself.
You skewer the orc priest like a kebab!!!!
You kill the orc priest!
Cheibriados thoroughly appreciates the change of pace.
Your base Stealth skill increases to level 15!
The orc zaps a wand.
The bolt of acid hits you! The acid corrodes you!
You are splashed with acid!
The acid burns!
* * * LOW HITPOINT WARNING * * *
It is a wand of acid (?/15).
The orc zaps a wand.
The bolt of acid hits you!
You die...

#.o# ...#
#..###...#
#.........
#.........
#........#
#o## ##)##
##o# ##@.#
##.#.#
#.##.#
####.# #.#
#.# ###
#.# #.#
#.# #.#
####.#


You could see an orc.

Vanquished Creatures
  Prince Ribbit (D:6)
  Sigmund (D:2)
  A human (D:7)
  4 hogs (D:7)
  Menkaure (D:4)
  An ice beast (D:7)
  A phantom (D:4)
  4 ogres
  2 bullfrogs (D:6)
  A scorpion (D:4)
  2 killer bees (D:5)
  A howler monkey (D:6)
  3 crimson imps
  4 bullfrog zombies
  3 orc priests (D:7)
  A centaur skeleton (D:4)
  A gnoll shaman (D:5)
  Jessica (D:2)
  An iguana (D:6)
  7 orc wizards
  6 worker ants
  A hound zombie (D:6)
  A worker ant zombie (D:7)
  14 adders
  8 gnolls
  2 shadow imps (D:5)
  4 oozes
  2 adder skeletons
  An adder zombie (D:6)
  4 worms
  A dart slug (D:2)
  A leopard gecko (D:1)
  29 orcs
  2 ball pythons (D:3)
  8 giant cockroaches
  8 goblins
  9 hobgoblins
  6 jackals
  3 quokkas
  6 bats
  5 frilled lizards
  A jackal skeleton (D:5)
  9 kobolds
  A leopard gecko skeleton (D:5)
  9 rats
182 creatures vanquished.

Notes
Turn   | Place    | Note
-------+----------+-------------------------------------------
     0 | D:1      | Murumi the Naga Enchanter began the quest for the Orb.
     0 | D:1      | Reached XP level 1. HP: 15/15 MP: 3/3
   360 | D:1      | Reached XP level 2. HP: 13/22 MP: 5/5
   364 | D:1      | Learned a level 2 spell: Ensorcelled Hibernation
   501 | D:1      | Reached skill level 5 in Stealth
   796 | D:1      | Reached skill level 1 in Fighting
   938 | D:1      | Reached XP level 3. HP: 31/31 MP: 6/6
  1709 | D:2      | Reached skill level 6 in Stealth
  1790 | D:2      | Reached XP level 4. HP: 9/38 MP: 2/7
  2625 | D:2      | Reached XP level 5. HP: 40/44 MP: 9/9
  2702 | D:2      | Noticed Jessica
  2723 | D:2      | Noticed Sigmund
  2728 | D:2      | Killed Jessica
  2728 | D:2      | Reached skill level 7 in Stealth
  2748 | D:2      | Killed Sigmund
  2748 | D:2      | Reached skill level 9 in Stealth
  2748 | D:2      | Reached XP level 6. HP: 12/51 MP: 1/10
  3574 | D:3      | Learned a level 3 spell: Confuse
  3578 | D:3      | Learned a level 3 spell: Tukima's Dance
  3811 | D:3      | Reached XP level 7. HP: 48/57 MP: 8/11
  4848 | D:4      | Found a deep blue altar of Sif Muna.
  4848 | D:4      | Found a bloodstained altar of Trog.
  4848 | D:4      | Found a shattered altar of Ashenzari.
  4999 | D:4      | Found a staircase to the Ecumenical Temple.
  5006 | Temple   | Entered the Ecumenical Temple
  5011 | Temple   | Became a worshipper of Cheibriados the Contemplative
  5168 | D:4      | Reached skill level 10 in Stealth
  5315 | D:4      | Noticed Menkaure
  5317 | D:4      | Killed Menkaure
  5435 | D:4      | Reached skill level 11 in Stealth
  5435 | D:4      | Reached XP level 8. HP: 67/67 MP: 12/12
  5626 | D:5      | Entered Level 5 of the Dungeon
  5813 | D:5      | Reached skill level 1 in Invocations
  5843 | D:5      | Found a white marble altar of Elyvilon.
  5843 | D:5      | Found a stormy altar of Qazlal.
  5926 | D:5      | Reached * piety under Cheibriados
  6232 | D:5      | Found a sparkling altar of Nemelex Xobeh.
  6669 | D:5      | Found Byick's Antique Armour Shoppe.
  6707 | D:5      | Found a shadowy altar of Dithmenos.
  6807 | D:5      | Reached ** piety under Cheibriados
  7234 | D:5      | Reached skill level 5 in Invocations
  7243 | D:5      | Reached skill level 1 in Evocations
  7602 | D:6      | Noticed Prince Ribbit
  7605 | D:6      | Killed Prince Ribbit
  7605 | D:6      | Reached XP level 9. HP: 75/75 MP: 13/13
  7997 | D:6      | Found a glowing silver altar of Zin.
  8149 | D:6      | Found a stormy altar of Qazlal.
  8197 | D:6      | Reached *** piety under Cheibriados
  8197 | D:6      | Reached skill level 12 in Stealth
  9261 | D:7      | Reached skill level 13 in Stealth
  9331 | D:7      | Reached skill level 14 in Stealth
  9563 | D:7      | Reached skill level 15 in Stealth
  9564 | D:7      | Killed from afar by an orc

Vault maps used:
D:1:      scummos_arrival_hexagon
D:2:      moated_statue, uniq_jessica, uniq_sigmund
D:3:      columned_hall_lemuel, minmay_misc_feat_enclosed
D:4:      gammafunk_temple_overflow_forgotten, minmay_temple_entry_mist,
          first_bread, uniq_menkaure
D:5:      grunt_dithmenos_shadows, gammafunk_temple_overflow_elements,
          serial_shops, shop, nemelex_spade_bored_becter
D:6:      basic_altar, minmay_large_rounded_square, nrook_loot_triangle,
          nicolae_qazlal_style_of_elements, uniq_prince_ribbit1
D:7:      grunt_livestock, uniq_crazy_yiuf_cottage
Temple:   minmay_freezing_vapour_temple

Skill      XL: |  1  2  3  4  5  6  7  8  9 |
---------------+----------------------------+-----
Dodging        | 2 |  2.0
Stealth        | 5 6 9 11 15 | 15.0
Fighting       | 1 2 3 |  3.0
Spellcasting   | 3 |  3.0
Short Blades   | 3 4 |  4.2
Invocations    | 5 |  5.1
Evocations     | 4 |  4.4
Hexes          | |  3.0

Action                   |  1- 3 |  4- 6 |  7- 9 || total
-------------------------+-------+-------+-------++-------
Melee: Dagger            |    78 |   157 |   445 ||   680
 Cast: Ensorcelled Hiber |     4 |     7 |    35 ||    46
       Confuse           |       |       |     2 ||     2
 Abil: Spit Poison       |    13 |    18 |    33 ||    64
  Use: Scroll            |     6 |     2 |     2 ||    10
       Potion            |       |     2 |     3 ||     5
 Stab: Sleeping          |     8 |    11 |    36 ||    55
       Distracted        |       |     1 |     2 ||     3
       Invisible         |       |     1 |     5 ||     6
       Confused          |       |       |     2 ||     2
  Eat: Chunk             |     2 |     8 |     6 ||    16
       Meat ration       |       |       |     2 ||     2
Armor: Robe              |    24 |    38 |   109 ||   171
Dodge: Dodged            |    51 |    86 |   201 ||   338
